 Dungeon Crawl Stone Soup version 0.19.0-20-gbc5f0c6 (webtiles) character file.

11401 magipi the Grappler (level 11, -5/111 HPs)
             Began as a Troll Hunter on Nov 16, 2016.
             Was a High Priest of Okawaru.
             Slain by a white ugly thing (29 damage)
             ... on level 12 of the Dungeon.
             The game lasted 00:46:15 (9856 turns).

magipi the Grappler (Troll Hunter)                  Turns: 9856, Time: 00:46:16

Health: -5/111     AC: 10    Str: 22    XL:     11   Next: 48%
Magic:  15/15      EV: 15    Int:  7    God:    Okawaru [*****.]
Gold:   734        SH:  0    Dex: 24    Spells: 0 memorised, 10 levels left

rFire  + . .     SeeInvis +       - Unarmed
rCold  . . .     Gourm    +     x - +0 robe
rNeg   . . .     Faith    +     (no shield)
rPois  .         Spirit   .     c - +2 hat {SInv}
rElec  .         Reflect  .     u - +2 cloak
rCorr  .         Harm     .     (gloves unavailable)
MR     .....                    (boots unavailable)
Stlth  +++.......               h - amulet of faith
                                y - +6 ring of dexterity
                                f - ring of protection from fire

@: agile, about to teleport
A: unfitting armour, claws 3, fast metabolism 3, gourmand, regeneration 1,
shaggy fur 1, tough skin 2
a: Heroism, Finesse, Renounce Religion


You were on level 12 of the Dungeon.
You worshipped Okawaru.
Okawaru was extremely pleased with you.
You were not hungry.

You visited 2 branches of the dungeon, and saw 13 of its levels.

You collected 760 gold pieces.
You spent 26 gold pieces at shops.

Notes
Turn   | Place    | Note
-------+----------+-------------------------------------------
     0 | D:1      | magipi the Troll Hunter began the quest for the Orb.
     0 | D:1      | Reached XP level 1. HP: 19/19 MP: 0/0
    46 | D:1      | Reached skill level 1 in Unarmed Combat
   172 | D:1      | Reached XP level 2. HP: 22/27 MP: 1/1
   508 | D:1      | Reached skill level 2 in Unarmed Combat
   530 | D:1      | Reached XP level 3. HP: 33/33 MP: 2/2
  1005 | D:2      | Found a radiant altar of Vehumet.
  1008 | D:2      | Found a sacrificial altar of Ru.
  1008 | D:2      | Found an opulent altar of Gozag.
  1009 | D:2      | Found a deep blue altar of Sif Muna.
  1149 | D:2      | Found a glowing silver altar of Zin.
  1180 | D:2      | Found a glowing golden altar of the Shining One.
  1441 | D:2      | Found a burning altar of Makhleb.
  1446 | D:2      | Reached skill level 3 in Unarmed Combat
  1446 | D:2      | Reached XP level 4. HP: 37/41 MP: 3/3
  1555 | D:3      | Found a hazy altar of Hepliaklqana.
  1795 | D:3      | Reached skill level 4 in Unarmed Combat
  1795 | D:3      | Reached XP level 5. HP: 48/48 MP: 4/4
  2174 | D:3      | Reached XP level 6. HP: 51/55 MP: 5/5
  2189 | D:4      | Reached skill level 5 in Unarmed Combat
  2236 | D:4      | Reached skill level 5 in Throwing
  2251 | D:4      | Found a staircase to the Ecumenical Temple.
  2256 | Temple   | Entered the Ecumenical Temple
  2313 | Temple   | Became a worshipper of Warmaster Okawaru
  2542 | D:4      | Reached skill level 6 in Unarmed Combat
  2542 | D:4      | Reached XP level 7. HP: 46/62 MP: 6/6
  2565 | D:4      | Noticed TheWoodenMan's ghost (amateur FoHu)
  2915 | D:4      | Killed TheWoodenMan's ghost
  3352 | D:5      | Entered Level 5 of the Dungeon
  3479 | D:5      | Reached skill level 7 in Unarmed Combat
  3801 | D:6      | Reached * piety under Okawaru
  3901 | D:6      | Noticed Eustachio
  3965 | D:6      | Killed Eustachio
  3965 | D:6      | Reached XP level 8. HP: 70/70 MP: 7/7
  4181 | D:6      | Reached skill level 8 in Unarmed Combat
  4246 | D:6      | Noticed Blork the orc
  4297 | D:6      | Killed Blork the orc
  4297 | D:6      | Reached ** piety under Okawaru
  4676 | D:7      | Reached skill level 9 in Unarmed Combat
  4916 | D:7      | Reached *** piety under Okawaru
  4916 | D:7      | Reached XP level 9. HP: 76/76 MP: 8/8
  5076 | D:7      | Noticed Prince Ribbit
  5082 | D:7      | Killed Prince Ribbit
  5082 | D:7      | Reached skill level 10 in Unarmed Combat
  5118 | D:7      | Reached skill level 1 in Invocations
  5149 | D:7      | Reached skill level 1 in Evocations
  5760 | D:8      | Noticed Grum
  5806 | D:7      | Reached **** piety under Okawaru
  5906 | D:8      | Found Umiplig's Assorted Antiques.
  5916 | D:8      | Bought a scroll labeled EZOPSI QERGHEI for 26 gold pieces
  6044 | D:8      | Noticed Joseph
  6047 | D:8      | Paralysed by Joseph for 5 turns
  6059 | D:8      | Killed Joseph
  6125 | D:8      | Killed Grum
  6197 | D:8      | Received a gift from Okawaru
  6216 | D:8      | Reached XP level 10. HP: 76/94 MP: 11/11
  6253 | D:8      | Identified a scroll of acquirement
  6256 | D:8      | Got an encrusted cloak
  6267 | D:8      | Identified the +0 cloak "Nicytis" {-Cast rCorr SInv} (You acquired it on level 8 of the Dungeon)
  6438 | D:8      | Found a hide-covered altar of Uskayaw.
  6474 | D:8      | Noticed Maurice
  6575 | D:8      | Killed Maurice
  6575 | D:8      | Received a gift from Okawaru
  6867 | D:9      | Reached skill level 5 in Fighting
  7057 | D:9      | Reached ***** piety under Okawaru
  7442 | D:10     | Entered Level 10 of the Dungeon
  7468 | D:10     | Reached skill level 5 in Evocations
  7539 | D:10     | Received a gift from Okawaru
  7875 | D:10     | Found a staircase to the Lair.
  8352 | D:11     | Noticed a manticore
  8505 | D:10     | Reached XP level 11. HP: 102/109 MP: 14/14
  8521 | D:11     | Noticed a six-headed hydra
  8625 | D:11     | Found a radiant altar of Vehumet.
  9282 | D:11     | Killed a six-headed hydra
  9492 | D:12     | Noticed an orange crystal statue
  9551 | D:12     | Found a staircase to the Orcish Mines.
  9777 | D:12     | Received a gift from Okawaru
  9841 | D:12     | Noticed a white ugly thing
  9841 | D:12     | Noticed a white ugly thing
  9853 | D:12     | Killed a white ugly thing
  9856 | D:12     | Slain by a white ugly thing

Inventory:

Hand Weapons
 b - a +3 blowgun
Missiles
 a - 11 large rocks (quivered)
 d - 3 throwing nets
 e - 60 poisoned needles
 j - 5 javelins
 D - 4 curare-tipped needles
 M - 2 poisoned javelins
Armour
 c - a +2 hat of see invisible (worn)
 u - a +2 cloak (worn)
 x - a +0 robe (worn)
Jewellery
 f - a ring of protection from fire (left claw)
 h - an amulet of faith (around neck)
 w - an uncursed ring of positive energy
 y - a +6 ring of dexterity (right claw)
Wands
 t - a wand of paralysis (12/24)
 B - a wand of polymorph (24/24)
 G - a wand of disintegration (11/24)
 I - a wand of lightning (2/15)
 J - a wand of iceblast (10/15)
 K - a wand of teleportation (1/9)
 O - a wand of acid (4/15)
 R - a wand of iceblast (8/15)
Scrolls
 i - 3 scrolls of noise
 k - 2 scrolls of recharging
 m - 6 scrolls of fear
 z - a scroll of identify
 N - 3 scrolls of fog
Potions
 l - a potion of brilliance {unknown}
 n - a potion of resistance {unknown}
 r - a potion of degeneration {unknown}
 s - 5 potions of curing
 v - 3 potions of flight
 C - a potion of lignification {unknown}
 F - a potion of cure mutation {unknown}
 H - a potion of magic {unknown}
 L - a potion of cancellation {unknown}
Books
 P - a book of Frost

   Spells                             Type                      Level
   a - Freeze                         Ice                          1
   b - Throw Frost                    Conjuration/Ice              2
   c - Ozocubu's Armour               Charms/Ice                   3
   d - Throw Icicle                   Conjuration/Ice              4
   e - Summon Ice Beast               Ice/Summoning                4
Comestibles
 o - 7 meat rations
 p - a royal jelly
 A - 3 fruits
 E - 5 bread rations


   Skills:
 + Level 8.1 Fighting
 - Level 7.0 Throwing
 - Level 1.5 Dodging
 - Level 0.3 Stealth
 - Level 10.2 Unarmed Combat
 - Level 2.0 Invocations
 + Level 7.4 Evocations


You had 10 spell levels left.
You didn't know any spells.

Dungeon Overview and Level Annotations

Branches:
Dungeon (12/15)            Temple (1/1) D:4            Lair (0/6) D:10
    Orc (0/2) D:12

Altars:
Ashenzari
Cheibriados
Dithmenos
Elyvilon
Fedhas
Gozag
Hepliaklqana
Kikubaaqudgha
Makhleb
Nemelex Xobeh
Okawaru
Qazlal
Ru
Sif Muna
Trog
Uskayaw
Vehumet
Xom
Yredelemnul
Zin
The Shining One

Shops:
D:8 *

Annotations:
D:12 exclusion: orange crystal statue


Innate Abilities, Weirdness & Mutations

You are too large for most types of armour.
You have claws for hands.
Your metabolism is lightning-fast.
You like to eat raw meat.
Your natural rate of healing is unusually fast.
You are covered in fur. (AC +1)
You have very tough skin. (AC +2)

Vault maps used:
D:1:      lightli_arrival_statuegarden
D:2:      nicolae_overflow_crystal_walls, zin_statuary,
          makhleb_heckhound_becter, chequers_temple_overflow_statue_of_worship
D:3:      old_standard_altar, first_bread
D:4:      kennysheep_spiral_hall, lemuel_flame_loot_1
D:6:      uniq_eustachio, uniq_blork_the_orc
D:7:      grunt_ministairs_10, uniq_prince_ribbit1
D:8:      kennysheep_mini, serial_shops, shop_fountains, uniq_maurice,
          uniq_joseph, uniq_grum
D:10:     david_lair_shrubbed
D:11:     basic_altar
D:12:     minmay_separated_statues, orc_0_dummy, nicolae_trove_entry_diagonal,
          blue_anna_alchemist, feat_on_display
Temple:   nicolae_temple_hex_pool


Message History

The phantom is almost destroyed.
The phantom hits you but does no damage.
You barely miss the phantom.
The phantom is almost destroyed.
The phantom hits you but does no damage.
You scratch the phantom but do no damage.
The phantom is almost destroyed.
The phantom hits you.
The phantom blinks!
The phantom barely misses you.
You mangle the phantom!!
You destroy the phantom!
Okawaru accepts your kill. Something appears at your feet!
Okawaru grants you a gift!
You see here a glowing arbalest {god gift}.
a - 10 large rocks (gained 4)
A phantom comes into view.
You claw the phantom!
The phantom is moderately damaged.
The phantom hits you.
You scratch the phantom.
The phantom is heavily damaged.
The phantom hits you.
You mangle the phantom!!
The phantom is almost destroyed.
You closely miss the phantom.
The phantom is almost destroyed.
The phantom blinks!
The phantom blinks!
The phantom hits you but does no damage.
You scratch the phantom.
You destroy the phantom!
Okawaru accepts your kill.
You now have 699 gold pieces (gained 19).
a - 11 large rocks (gained 1)
An orc comes into view.
The orc shouts!
The orc throws a poisoned tomahawk.
The poisoned tomahawk barely misses you.
The orc throws a poisoned tomahawk.
The poisoned tomahawk closely misses you.
Found 17 gold pieces.
You claw the orc!
You kill the orc!
Okawaru accepts your kill.
You now have 717 gold pieces (gained 18).
You see here an orc corpse.
You now have 734 gold pieces (gained 17).
There is an open door here.
There is an open door here.
You open the door. 2 ugly things come into view.
The white ugly thing gurgles horribly! x2
There is an open door here.
Unknown command.
There is an open door here.
You claw the white ugly thing!
The white ugly thing is lightly wounded.
The white ugly thing trunk-slaps you but does no damage.
You scratch the white ugly thing.
The white ugly thing is moderately wounded.
You scratch the white ugly thing.
The white ugly thing is moderately wounded.
The white ugly thing trunk-slaps you! The white ugly thing freezes you!!
You claw the white ugly thing!
The white ugly thing is heavily wounded.
The white ugly thing barely misses you.
You claw the white ugly thing!
The white ugly thing is heavily wounded.
The white ugly thing trunk-slaps you! The white ugly thing freezes you!
You mangle the white ugly thing!!
The white ugly thing is almost dead.
The white ugly thing trunk-slaps you. The white ugly thing freezes you!
* * * LOW HITPOINT WARNING * * *
You scratch the white ugly thing but do no damage.
The white ugly thing is almost dead.
An orc warrior comes into view. It is wielding a flail.
You claw the white ugly thing!
You kill the white ugly thing!
Okawaru is honoured by your kill.
Unknown command.
You feel much better.
The white ugly thing tentacle-slaps you but does no damage.
You feel agile all of a sudden.
The white ugly thing tentacle-slaps you!
The white ugly thing freezes you!!
* * * LOW HITPOINT WARNING * * *
Okay, then.
Evoke which item? (* to show all) (? for menu, Esc to quit)
Okay, then.
Okay, then.
Evoke which item? (* to show all) (? for menu, Esc to quit)
Zapping:
K - a wand of teleportation (will waste charges)
Press: ? - help, Shift-Dir - straight line, f - you You feel strangely unstable.
Evoking this partially-identified wand wasted a few charges.
The white ugly thing tentacle-slaps you!
* * * LOW HITPOINT WARNING * * *
The white ugly thing freezes you!!
You die...

######## # #......# !.
####### #......# ########...
......###......###..........
......'........'@u..........
......###......###.........#
....(.###......#####o#######
#
..........................u.
+
###......†...#######..######
# #..........# ##.# #
#..........# .. #
#..........# #..
#....#####..# ..


You could see a white ugly thing and an orc warrior.

Vanquished Creatures
  A hydra (D:11)
  An ugly thing (D:12)
  A cyclops (D:12)
  A manticore (D:11)
  2 centaur zombies (D:10)
  Maurice (D:8)
  Joseph (D:8)
  A komodo dragon (D:10)
  3 trolls
  A two-headed ogre (D:9)
  Prince Ribbit (D:7)
  A hornet (D:9)
  A shadow (D:11)
  A vampire (D:10)
  A wyvern (D:9)
  4 yaks
  Eustachio (D:6)
  The ghost of TheWoodenMan the Bolt Thrower, an amateur FoHu (D:4)
  Grum (D:8)
  A water moccasin (D:7)
  A soldier ant (D:12)
  5 sky beasts
  4 orc warriors
  2 phantoms (D:12)
  A hornet zombie (D:11)
  2 black bears
  A necrophage (D:10)
  2 wolves
  3 centaurs
  7 ogres
  Blork the orc (D:6)
  3 big kobolds
  A gnoll sergeant (D:10)
  5 bullfrogs
  A water moccasin zombie (D:12)
  A scorpion (D:11)
  A water moccasin skeleton (D:8)
  8 howler monkeys
  7 crimson imps
  A bullfrog zombie (D:11)
  7 hounds
  2 jellies
  9 orc wizards
  3 centaur skeletons
  6 orc priests
  2 bullfrog skeletons
  8 worker ants
  A hound zombie (D:8)
  A howler monkey zombie (D:5)
  3 worker ant zombies
  10 gnolls
  A howler monkey skeleton (D:3)
  11 adders
  2 shadow imps
  An adder skeleton (D:8)
  An adder zombie (D:6)
  2 worms
  2 dart slugs
  4 leopard geckos
  34 orcs
  4 ball pythons
  5 bats
  4 giant cockroaches
  5 goblins (D:1)
  6 hobgoblins
  9 jackals
  27 kobolds
  4 quokkas
  6 frilled lizards
  A jackal zombie (D:7)
  A leopard gecko skeleton (D:6)
  A quokka skeleton (D:6)
  A quokka zombie (D:7)
  2 rats (D:1)
269 creatures vanquished.

Vanquished Creatures (others)
  2 plants (D:10)
2 creatures vanquished.

Grand Total: 271 creatures vanquished

Action                   |  1- 3 |  4- 6 |  7- 9 | 10-12 || total
-------------------------+-------+-------+-------+-------++-------
Melee: Unarmed           |    99 |   154 |   318 |   307 ||   878
       Punch             |     2 |     2 |    21 |    10 ||    35
Throw: Large rock        |     1 |     3 |     9 |    21 ||    34
       Javelin           |       |       |       |    10 ||    10
Evoke: Wand              |       |       |       |     1 ||     1
  Use: Scroll            |       |       |    16 |    13 ||    29
       Potion            |       |       |       |     4 ||     4
 Stab: Sleeping          |     1 |     1 |     4 |     2 ||     8
  Eat: Chunk             |    12 |    15 |    33 |    28 ||    88
Armor: Robe              |    35 |    55 |    88 |   102 ||   280
Dodge: Dodged            |    42 |    59 |   125 |   129 ||   355

Action                   |  1- 3 |  4- 6 |  7- 9 | 10-12 || total
-------------------------+-------+-------+-------+-------++-------
Melee: Unarmed           |    99 |   154 |   318 |   307 ||   878
       Punch             |     2 |     2 |    21 |    10 ||    35
Throw: Large rock        |     1 |     3 |     9 |    21 ||    34
       Javelin           |       |       |       |    10 ||    10
Evoke: Wand              |       |       |       |     1 ||     1
  Use: Scroll            |       |       |    16 |    13 ||    29
       Potion            |       |       |       |     4 ||     4
 Stab: Sleeping          |     1 |     1 |     4 |     2 ||     8
  Eat: Chunk             |    12 |    15 |    33 |    28 ||    88
Armor: Robe              |    35 |    55 |    88 |   102 ||   280
Dodge: Dodged            |    42 |    59 |   125 |   129 ||   355
